 Dungeon Crawl Stone Soup version 0.30-a0-739-gea05faddec (webtiles) character file.

Game seed: 10662946735176538208

6120 MackTheKnife the Thaumaturge (level 10, 0/54 (57) HPs)
             Began as a Deep Elf Wanderer on Feb 4, 2023.
             Was an Elder of Qazlal.
             Killed from afar by a deep elf annihilator (38 damage)
             ... with a crystal spear
             ... on level 9 of the Dungeon.
             The game lasted 00:15:14 (10283 turns).

MackTheKnife the Thaumaturge (Deep Elf Wanderer)   Turns: 10283, Time: 00:15:14

HP:   0/54 (57)     AC:  6    Str: 12    XL:     10   Next: 59%
MP:   20/26         EV: 19    Int: 19    God:    Qazlal [****..]
Gold: 650           SH:  5    Dex: 14    Spells: 24/30 levels left

rFire   . . .      SeeInvis .    a - +2 short sword (drain) {short}
rCold   . . .      Faith    .    (no shield)
rNeg    . . .      Spirit   .    A - +0 steam dragon scales
rPois   .          Reflect  .    C - +0 helmet
rElec   .          Harm     .    (no cloak)
rCorr   .          Rampage  .    (no gloves)
Will    +....                    (no boots)
Stlth   +                        (no amulet)
HPRegen 0.29/turn                o - +5 ring of evasion
MPRegen 0.20/turn                y - +4 ring of slaying

@: hasted and slowed, drained, repel missiles
A: no striking features
a: Renounce Religion, Upheaval, Elemental Force


You were on level 9 of the Dungeon.
You worshipped Qazlal.
Qazlal was greatly pleased with you.
You visited 1 branch of the dungeon, and saw 10 of its levels.

You collected 650 gold pieces.


   Skills:
 - Level 4.2 Fighting
 - Level 6.6 Short Blades
 - Level 2.0 Axes
 - Level 5.0 Throwing
 - Level 2.4 Armour
 - Level 5.8 Dodging
 + Level 2.9 Shields
 - Level 10.9 Spellcasting
 - Level 8.0 Summonings
 - Level 4.1 Ice Magic


You had 24 spell levels left.
You knew the following spells:

 Your Spells              Type           Power      Damage    Failure   Level
a - Call Canine Familiar  Summ           40%        N/A       1%          3
b - Ozocubu's Armour      Ice            26%        N/A       3%          3

Your spell library contained the following spells:

 Spells                   Type           Power      Damage    Failure   Level
 Summon Small Mammal      Summ           100%       N/A       1%          1
 Summon Guardian Golem    Hex/Summ       25%        N/A       3%          3
 Ensorcelled Hibernation  Hex/Ice        36%        N/A       4%          2
 Apportation              Tloc           20%        N/A       7%          1
 Foxfire                  Conj/Fire      40%        2x1d6     7%          1
 Kiss of Death            Conj/Necr      40%        2d8       7%          1
 Magic Dart               Conj           40%        1d5       7%          1
 Necrotise                Necr           40%        1d6       7%          1
 Lesser Beckoning         Tloc           20%        N/A       11%         2
 Passwall                 Tmut/Erth      8%         N/A       11%         2
 Searing Ray              Conj           20%        2d5       11%         2
 Confusing Touch          Hex            10%        N/A       21%         3
 Gell's Gravitas          Tloc           10%        N/A       21%         3
 Swiftness                Air            10%        N/A       21%         3
 Teleport Other           Tloc           10%        N/A       21%         3
 Vampiric Draining        Necr           10%        2d6       21%         3
 Anguish                  Hex/Necr       5%         N/A       56%         4
 Dispel Undead            Necr           10%        3d9       56%         4
 Fulminant Prism          Conj/Hex       5%         3d7       56%         4
 Agony                    Necr           10%        N/A       88%         5
 Fireball                 Conj/Fire      5%         3d5       88%         5
 Dispersal                Tloc           5%         N/A       100%        6
 Starburst                Conj/Fire      5%         6d4       100%        6
 Enfeeble                 Hex            5%         N/A       100%        7
 Malign Gateway           Summ/Tloc      12%        N/A       100%        7
 Ozocubu's Refrigeration  Ice            13%        4d10      100%        7
 Summon Horrible Things   Summ           20%        N/A       100%        8

Inventory:

Hand Weapons
 a - a +2 short sword of draining (weapon) {short}
   (You took it off an orc on level 4 of the Dungeon)
Missiles
 b - 2 curare-tipped darts {=fthrowing}
Armour
 v - a +0 buckler
   (You found it on level 7 of the Dungeon)
 A - +0 steam dragon scales (worn)
   (You found it on level 8 of the Dungeon)
 C - a +0 helmet (worn)
   (You found it on level 9 of the Dungeon)
Magical Staves
 e - a staff of poison {!astaff}
   (You found it on level 3 of the Dungeon)
Jewellery
 o - a +5 ring of evasion (left hand)
   (You found it on level 2 of the Dungeon)
 r - a ring of flight
   (You found it on level 5 of the Dungeon)
 y - a +4 ring of slaying (right hand)
   (You found it on level 8 of the Dungeon)
Wands
 j - a wand of iceblast (2)
   (You found it on level 5 of the Dungeon)
 E - a wand of flame (9)
   (You found it on level 9 of the Dungeon)
Scrolls
 c - a scroll of immolation {!r!r}
 i - a scroll of teleportation {@r4}
 q - 4 scrolls of vulnerability {!r!r}
 z - a scroll of enchant weapon {unknown}
 D - a scroll of fog
Potions
 d - a potion of ambrosia {unknown}
 f - a potion of mutation {unknown}
 g - a potion of lignification {!q}
 h - 2 potions of haste {@q3}
 k - 2 potions of magic
 l - 3 potions of might
 m - a potion of resistance {unknown}
 n - 3 potions of attraction {!q}
 p - 6 potions of heal wounds {@q2}
 s - a potion of invisibility {unknown}
 t - 2 potions of curing {unknown}
 u - 2 potions of flight {unknown}
 w - a potion of degeneration {unknown}
 x - a potion of cancellation {unknown}

Dungeon Overview and Level Annotations

Branches:
Dungeon (10/15) Zot: 26930  Temple (0/1) D:4            Lair (0/5) D:8
    Orc: D:9-12

Altars:
Dithmenos
Kikubaaqudgha
Nemelex Xobeh
Qazlal
Ru
Vehumet
Wu Jian
The Shining One

Portals:
Abyss: D:8

Annotations:
D:4 3 runed translucent doors, adozu's ghost, amateur OpTm; derval's ghost, amateur OpSu; jazmu's ghost, amateur DsEE
D:8 2 transporters, mrw0lf's ghost, novice DsHu
D:10 Nergalle

....########## #....####........
.............####....#...........
.#############...#.###...........
.#############.(.....#.........##
.............###.....#...........
.............#....#.♣#...........
#............#....#..............
#.............☼e###..............
..............#h@.#..............
...............○..#..............
................>.........#######
........#################.#
........# #.#
........#################.#######
.................................
.................................
########.###########..###########


You could see a deep elf annihilator (ally target) and a friendly wolf
(summoned).


Message History

Unknown command.
Unknown command.
The deep elf annihilator casts a spell.
The deep elf annihilator blinks!
The yak bellows!
The orc shouts!
You hear a bellow!
The orc sorcerer gestures wildly while chanting. 😮 HP[+1] MP[+1] Unknown command.
The gnoll sergeant shouts!
Unknown command.
The wraith attacks as you move away! The wraith hits you!
* * * LOW HITPOINT WARNING * * *
😨 HP[-11]
You take 11 damage, and now have 28/56 hp.
Unknown command.
You hear a bellow!
The orc warrior seems to regain its courage. 😮 HP[+1] Unknown command.
You feel yourself speed up.
The gnoll sergeant seems to regain its courage.
The wraith hits you.
* * * LOW HITPOINT WARNING * * *
The wraith drains your vigour!
You feel yourself slow down.
Something hits you but does no damage. 😨 HP[-5]
You take 5 damage, and now have 24/56 hp.
Unknown command.
Unknown command.
The wraith attacks as you move away! The wraith completely misses you.
Something hits you.
* * * LOW HITPOINT WARNING * * *
😨 HP[-1] MP[+1]
You take 1 damage, and now have 23/56 hp.
Unknown command.
The wraith attacks as you move away! The wraith hits you.
* * * LOW HITPOINT WARNING * * *
The wraith drains your vigour!
You feel as though you will be slow longer.
You hear some strange, mumbled words. 😨 HP[-2]
You take 2 damage, and now have 21/56 hp.
Unknown command.
The deep elf annihilator misses you. 😨 HP[+1] Unknown command.
Unknown command.
The deep elf annihilator attacks as you move away!
The deep elf annihilator hits you with a +0 rapier.
* * * LOW HITPOINT WARNING * * *
Found a stone staircase leading up.
The deep elf annihilator is engulfed in blazing flames.
The spectral orc warrior hits you with a +0 battleaxe!
* * * LOW HITPOINT WARNING * * *
You feel drained.
* * * LOW HITPOINT WARNING * * *
There is a stone staircase leading up here. 😱 HP[-14]
You now have 54 max hp (-2).
You take 14 damage, and now have 8/54 hp.
MASSIVE DAMAGE!! (PAUSE) Unknown command.
The deep elf annihilator hits you with a +0 rapier.
* * * LOW HITPOINT WARNING * * *
The spectral orc warrior barely misses you.
You climb upwards.
Reactivating autopickup.
There is a stone staircase leading down here. 😱 MP[+1] Unknown command.
Unknown command.
Unknown command.
As you read the scroll of fear, it crumbles to dust.
You assume a fearsome visage.
The deep elf annihilator resists with almost no effort.
The deep elf annihilator points at you and mumbles some strange words.
The crystal spear misses you.
Unknown command.
Unknown command.
Unknown command.
You feel much better.
The deep elf annihilator mumbles some strange words.
The deep elf annihilator blinks! 😮 HP[+30]
You regained 30 hp, and now have 38/54 hp.
Casting: Call Canine Familiar (safe; 1% risk of failure)
Confirm with . or Enter, or press ? or * to list all spells.
😮 MP[-2]
You lost 2 mp, and now have 20/26 mp.
Unknown command.
The deep elf annihilator gestures at you while chanting.
The crystal spear misses you.
Your wolf closely misses the deep elf annihilator.
Unknown command.
Your wolf bites the deep elf annihilator.
The deep elf annihilator gestures at you while chanting.
The crystal spear hits you!!!
Ouch! That really hurt!
You die...

Skill      XL: |  1  2  3  4  5  6  7  8  9 10 |
---------------+-------------------------------+-----
Axes           | 2 |  2.0
Dodging        | 1 2 3 4 5 |  5.8
Fighting       | 2 3 4 |  4.2
Short Blades   | 5 6 |  6.6
Spellcasting   | 5 9 10 | 10.9
Summonings     | 4 7 8 |  8.0
Ice Magic      | 4 |  4.1
Shields        | 2 |  2.9
Throwing       | |  5.0
Armour         | |  2.4

Action                     |  1- 3 |  4- 6 |  7- 9 | 10-12 || total
---------------------------+-------+-------+-------+-------++-------
  Melee: Mace              |   111 |    86 |       |       ||   197
         Punch             |     1 |     1 |     5 |     2 ||     9
         Short sword       |       |    93 |   370 |   145 ||   608
         Unarmed           |       |       |     7 |       ||     7
  Throw: Dart              |       |       |     2 |       ||     2
   Cast: Call Canine Famil |       |       |    15 |    18 ||    33
         Ozocubu's Armour  |       |       |       |     8 ||     8
    Use: Scroll            |       |    14 |     3 |     5 ||    22
         Potion            |       |     4 |     2 |     2 ||     8
   Stab: Distracted        |       |       |     1 |       ||     1
 Armour: Ring mail         |    43 |    36 |    55 |     6 ||   140
         Skin              |       |       |    24 |       ||    24
         Steam dragon scal |       |       |       |    12 ||    12
  Dodge: Dodged            |   104 |   180 |   252 |   114 ||   650
         Repelled          |       |       |       |     2 ||     2
  Block: Other             |     3 |    16 |    55 |    33 ||   107

Levels and vault maps discovered:
D:1:      lemuel_arrival_broad_hall, layout_rooms
D:2:      layout_rooms, ebering_ecumenical_altar_hall
D:3:      layout_loops_cross, minmay_cupped
D:4:      layout_loops_ring, mainiacjoe_overflow_paths,
          nemelex_dance_club_becter, minmay_temple_entry_stoned_glass,
          gammafunk_ghost_cemetery, minmay_pentomino_pile
D:5:      layout_loops_ring
D:6:      layout_cave_pools, nicolae_overflow_hidden_temple, minmay_microvault
D:7:      kennysheep_big_flooded_room, layout_layer_cave,
          overflow_temple_1_default, uniq_prince_ribbit1
D:8:      layout_layer_cave, nicolae_overflow_squiral, minmay_lair_entry_grove,
          gammafunk_ghost_abyssal_escape
D:9:      layout_long_grid, hangedman_decor_push
D:10:     cheibrodos_wizards_tower, layout_rooms, uniq_nergalle, uniq_maurice,
          uniq_joseph

Notes
Turn   | Place    | Note
-------+----------+-------------------------------------------
     0 | D:1      | MackTheKnife the Deep Elf Wanderer began the quest for the
                  | Orb.
     0 | D:1      | MackTheKnife set off with the following items: a +2 dagger
                  | {short}, 2 curare-tipped darts {=fthrowing}, a +0 hand axe
                  | {axe}, a +0 ring mail, a potion of berserk rage {!q}.
     0 | D:1      | Reached XP level 1. HP: 12/12 MP: 3/3
     0 | D:1      | magus.rc [v1.9.6]
    24 | D:1      | You pick up a book of Displacement and begin reading...
    24 | D:1      | You add the spells Lesser Beckoning, Gell's Gravitas and
                  | Teleport Other to your library.
   189 | D:1      | Reached XP level 2. HP: 16/16 MP: 4/4
   246 | D:1      | Reached skill level 2 in Axes
   290 | D:1      | You add the spells Ozocubu's Armour and Ozocubu's
                  | Refrigeration to your library.
   659 | D:2      | Reached skill level 1 in Dodging
   750 | D:2      | Reached XP level 3. HP: 20/20 MP: 5/5
   847 | D:2      | You add the spells Malign Gateway and Summon Horrible
                  | Things to your library.
   910 | D:2      | Found a faded altar of an unknown god.
   919 | D:2      | Prayed at the altar of an unknown god.
   919 | D:2      | Became a worshipper of Qazlal Stormbringer
   919 | D:2      | Reached * piety under Qazlal
  1156 | D:3      | You pick up a book of Burglary and begin reading...
  1156 | D:3      | You add the spells Passwall, Ensorcelled Hibernation and
                  | Swiftness to your library.
  1194 | D:3      | Reached skill level 2 in Dodging
  1218 | D:3      | You pick up a book of Cantrips and begin reading...
  1218 | D:3      | You add the spells Necrotise, Summon Small Mammal and
                  | Apportation to your library.
  1225 | D:3      | You pick up a book of Touch and begin reading...
  1225 | D:3      | You add the spells Kiss of Death, Confusing Touch and
                  | Dispel Undead to your library.
  1250 | D:3      | HP: 1/21 [orc priest/divine providence (8)]
  1348 | D:4      | Reached skill level 2 in Fighting
  1348 | D:4      | Reached XP level 4. HP: 8/26 MP: 6/6
  1368 | D:4      | HP: 5/26 [adder (4)]
  1373 | D:4      | HP: 3/39 [poisoned by an adder]
  1577 | D:4      | Found a staircase to the Ecumenical Temple.
  1607 | D:4      | Found a sparkling altar of Nemelex Xobeh.
  1613 | D:4      | Reached skill level 3 in Dodging
  1779 | D:4      | Found a runed translucent gate.
  1780 | D:4      | Found a runed translucent gate.
  1780 | D:4      | Found a runed translucent gate.
  1782 | D:4      | Noticed derval's ghost (amateur OpSu)
  1782 | D:4      | Noticed jazmu's ghost (amateur DsEE)
  1783 | D:4      | Noticed adozu's ghost (amateur OpTm)
  1783 | D:4      | Noticed derval's ghost (amateur OpSu)
  1838 | D:3      | HP: 1/27 [orc priest/divine providence (11)]
  1844 | D:3      | Reached XP level 5. HP: 31/31 MP: 7/7
  2206 | D:3      | Reached skill level 3 in Fighting
  2206 | D:3      | Reached skill level 4 in Dodging
  2520 | D:4      | Reached ** piety under Qazlal
  2537 | D:4      | Reached XP level 6. HP: 37/37 MP: 8/8
  2619 | D:4      | Found a stormy altar of Qazlal.
  3093 | D:5      | Entered Level 5 of the Dungeon
  3203 | D:5      | Reached skill level 5 in Dodging
  3346 | D:5      | Reached skill level 4 in Fighting
  3447 | D:5      | Reached XP level 7. HP: 23/43 MP: 9/9
  3948 | D:6      | Reached skill level 1 in Short Blades
  3954 | D:5      | HP: 10/43 [killer bee (4)]
  3954 | D:5      | HP: 2/43 [killer bee (3)]
  3961 | D:5      | Reached skill level 2 in Short Blades
  3961 | D:5      | HP: 16/64 [killer bee (1)]
  3966 | D:5      | Reached skill level 3 in Short Blades
  3966 | D:5      | HP: 11/64 [poisoned by a killer bee]
  4132 | D:6      | Reached skill level 4 in Short Blades
  4436 | D:6      | Reached skill level 5 in Short Blades
  4436 | D:6      | Reached XP level 8. HP: 32/48 MP: 10/10
  4556 | D:6      | Found an ornate altar of the Wu Jian Council.
  4580 | D:6      | Found a shadowy altar of Dithmenos.
  4623 | D:6      | Reached skill level 6 in Short Blades
  4749 | D:6      | Reached *** piety under Qazlal
  4928 | D:6      | You pick up a book of Callings and begin reading...
  4928 | D:6      | You add the spells Call Canine Familiar and Summon Guardian
                  | Golem to your library.
  4933 | D:6      | Learned a level 3 spell: Call Canine Familiar
  4983 | D:6      | Reached skill level 1 in Spellcasting
  4983 | D:6      | Reached skill level 1 in Summonings
  4996 | D:6      | Reached skill level 2 in Spellcasting
  4996 | D:6      | Reached skill level 2 in Summonings
  5161 | D:6      | Found an ancient bone altar of Kikubaaqudgha.
  5254 | D:7      | You pick up a book of Conjurations {@e2} and begin
                  | reading...
  5254 | D:7      | You add the spells Magic Dart, Searing Ray and Fulminant
                  | Prism to your library.
  5273 | D:7      | magus.rc [v1.9.6]
  5413 | D:7      | Reached skill level 3 in Spellcasting
  5413 | D:7      | Reached skill level 3 in Summonings
  5510 | D:7      | Reached skill level 4 in Spellcasting
  5581 | D:7      | Found a sacrificial altar of Ru.
  6272 | D:7      | Reached skill level 5 in Spellcasting
  6272 | D:7      | Reached skill level 4 in Summonings
  6272 | D:7      | Reached XP level 9. HP: 21/52 MP: 6/18
  6435 | D:8      | Noticed a boulder beetle
  6450 | D:7      | Killed a boulder beetle
  6451 | D:7      | Reached skill level 6 in Spellcasting
  6451 | D:7      | Reached skill level 5 in Summonings
  6623 | D:8      | Reached skill level 7 in Spellcasting
  6623 | D:8      | Reached skill level 6 in Summonings
  6653 | D:8      | Reached skill level 8 in Spellcasting
  6892 | D:7      | Reached skill level 7 in Summonings
  6990 | D:8      | Found a staircase to the Lair.
  7153 | D:8      | Reached skill level 9 in Spellcasting
  7194 | D:8      | Reached XP level 10. HP: 28/57 MP: 25/25
  7261 | D:8      | Reached skill level 8 in Summonings
  7503 | D:7      | Learned a level 3 spell: Ozocubu's Armour
  7566 | D:8      | Found a one-way gate to the infinite horrors of the Abyss.
  7566 | D:8      | Noticed mrw0lf's ghost (novice DsHu)
  7583 | D:8      | Reached skill level 1 in Ice Magic
  7708 | D:8      | Reached skill level 10 in Spellcasting
  7708 | D:8      | Reached skill level 2 in Ice Magic
  7794 | D:8      | You pick up a book of Maledictions and begin reading...
  7794 | D:8      | You add the spells Anguish and Enfeeble to your library.
  8192 | D:8      | Found a radiant altar of Vehumet.
  8195 | D:8      | Found a glowing golden altar of the Shining One.
  8224 | D:8      | Reached **** piety under Qazlal
  8225 | D:8      | Reached skill level 3 in Ice Magic
  8380 | D:8      | You pick up a book of Callings and begin reading...
  8422 | D:8      | Reached skill level 4 in Ice Magic
  8668 | D:8      | Noticed a cyan ugly thing
  8720 | D:8      | Found a transporter.
  8724 | D:8      | Found a transporter.
  8865 | D:8      | You pick up a book of Fire and begin reading...
  8865 | D:8      | You add the spells Foxfire, Fireball and Starburst to your
                  | library.
  9387 | D:9      | Reached skill level 1 in Shields
  9456 | D:9      | Reached skill level 2 in Shields
  9560 | D:9      | You pick up a book of Necromancy and begin reading...
  9560 | D:9      | You add the spells Vampiric Draining and Agony to your
                  | library.
 10205 | D:10     | Entered Level 10 of the Dungeon
 10211 | D:10     | Noticed Nergalle
 10257 | D:10     | Noticed a wizard
 10265 | D:10     | Noticed an orc sorcerer
 10265 | D:10     | Noticed a deep elf annihilator
 10276 | D:10     | HP: 11/56 [spectral orc warrior/+0 battleaxe[Nergalle]
                  | (10)]
 10283 | D:9      | Killed from afar by a deep elf annihilator

Vanquished Creatures
  A boulder beetle (D:7)
  3 wyverns (D:8)
  7 yaks
  A wraith (D:9)
  A steam dragon (D:8)
  4 water moccasins
  A sky beast (D:6)
  2 ogres (D:6)
  2 centaurs (D:6)
  A phantom (D:6)
  2 kobold brigands
  2 scorpions
  A bullfrog (D:6)
  2 wights
  11 killer bees
  An electric eel (D:8)
  4 howler monkeys
  A hound (D:5)
  A gnoll bouda (D:5)
  3 orc priests
  5 iguanas
  2 orc wizards (D:8)
  3 gnolls (D:5)
  10 adders
  2 shadow imps (D:6)
  3 white imps
  3 dart slugs
  20 orcs
  6 endoplasms
  A giant cockroach (D:3)
  7 goblins
  7 hobgoblins
  10 jackals
  3 quokkas
  5 ball pythons
  8 bats
  4 frilled lizards
  7 kobolds
  5 rats
162 creatures vanquished.

Vanquished Creatures (collateral kills)
  A troll (D:9)
  2 yaks (D:8)
  A wyvern (D:8)
  2 water moccasins (D:8)
  An orc warrior (D:9)
  A centaur (D:10)
  A bullfrog (D:8)
  A wight (D:7)
  A killer bee (D:8)
  2 orc wizards
  A shadow imp (D:8)
  An orc (D:8)
  2 kobolds (D:9)
17 creatures vanquished.

Vanquished Creatures (others)
  A fungus (D:8)
  4 plants (D:8)
5 creatures vanquished.

Grand Total: 184 creatures vanquished

Table legend:
 A = Non-vault XP
 B = Vault XP
 C = Vault XP percentage of total XP
 D = Non-vault monster count
 E = Vault monster count
 F = Vault count percentage of total count
                 A         B        C        D         E       F
            +---------+---------+-------+---------+---------+-------
      Total |    6365 |    2378 |  27.2 |     159 |      20 |  11.2
            +---------+---------+-------+---------+---------+-------
        D:1 |      23 |       0 |   0.0 |      15 |       0 |   0.0
        D:2 |      26 |       0 |   0.0 |      14 |       0 |   0.0
        D:3 |     230 |       4 |   1.7 |      22 |       2 |   8.3
        D:4 |     121 |       9 |   6.9 |      24 |       4 |  14.3
        D:5 |     556 |       0 |   0.0 |      18 |       0 |   0.0
        D:6 |    1090 |     110 |   9.2 |      15 |       1 |   6.2
        D:7 |    1641 |     187 |  10.2 |      15 |       2 |  11.8
        D:8 |    1765 |    2068 |  54.0 |      24 |      11 |  31.4
        D:9 |     794 |       0 |   0.0 |      11 |       0 |   0.0
       D:10 |     119 |       0 |   0.0 |       1 |       0 |   0.0
            +---------+---------+-------+---------+---------+-------

Illustrated notes

Table legend:
 A = Kills in this place as a percentage of kills in entire the game.
 B = Kills by you in this place as a percentage of kills by you in the entire game.
 C = Kills by friends in this place as a percentage of kills by friends in the entire game.
 D = Other kills in this place as a percentage of other kills in the entire game.
 E = Experience gained in this place as a percentage of experience gained in the entire game.
 F = Experience gained in this place divided by the number of levels of this place that you have seen.
                   A       B       C       D       E      F
               +-------+-------+-------+-------+-------+----------------------
         Total | 100.0 | 100.0 | 100.0 |   N/A | 100.0 | 874.3
       Dungeon | 100.0 | 100.0 | 100.0 |   N/A | 100.0 | 874.3
               +-------+-------+-------+-------+-------+----------------------

Table legend: (Time is in decaauts)
 A = Elapsed time spent in this place.
 B = Non-inter-level travel time spent in this place.
 C = Inter-level travel time spent in this place.
 D = Time resting spent in this place.
 E = Time spent auto-exploring this place.
 F = Levels seen in this place.
 G = Mean time per level.
                   A        B        C        D        E       F      G
               +--------+--------+--------+--------+--------+-----+--------+
         Total |  10236 |   9833 |    403 |   2278 |   5986 |  10 | 1023.6 |
       Dungeon |  10236 |   9833 |    403 |   2278 |   5986 |  10 | 1023.6 |
               +--------+--------+--------+--------+--------+-----+--------+

Top non-repeatable levels by time:
     D:7: 1975 daAuts
     D:8: 1788 daAuts
     D:4: 1258 daAuts
     D:6: 1147 daAuts
     D:9: 1109 daAuts
     D:5: 971 daAuts
     D:3: 895 daAuts
     D:1: 523 daAuts
     D:2: 503 daAuts
    D:10: 63 daAuts
